 Dungeon Crawl Stone Soup version 0.30-a0-867-g305f33218d (webtiles) character file.

Game seed: 6891843272189545909

3054 bmack86 the Cleaver (level 9, -3/79 HPs)
             Began as a Minotaur Fighter on Mar 11, 2023.
             Killed by divine providence
             ... invoked by an orc priest
              (11 damage)
             ... on level 8 of the Dungeon.
             The game lasted 00:17:25 (7110 turns).

bmack86 the Cleaver (Minotaur Fighter)              Turns: 7110, Time: 00:17:25

Health: -3/79      AC:  9    Str: 24    XL:     9   Next: 57%
Magic:  8/8        EV: 17    Int:  5    God:
Gold:   271        SH:  0    Dex: 11    Spells: 8/8 levels left

rFire   + + .      SeeInvis .    u - melded +2 hand axe (freeze)
rCold   + + .      Faith    .    c - melded +0 buckler
rNeg    + + +      Spirit   .    A - melded +0 ice dragon scales
rPois   ∞          Reflect  .    (helmet currently unavailable)
rElec   +          Rampage  .    r - melded +2 cloak
rCorr   +                        (gloves currently unavailable)
Will    .....                    (boots currently unavailable)
Stlth   +                        (amulet currently unavailable)
HPRegen 0.33/turn                g - melded +6 ring of dexterity
MPRegen 0.11/turn                K - melded ring of resist corrosion

@: wisp-form, weak-willed, flying
A: insubstantial, flying, no casting, tiny, (horns 2), (retaliatory headbutt)
a: no special abilities


You were on level 8 of the Dungeon.
You were an insubstantial wisp.
You visited 2 branches of the dungeon, and saw 9 of its levels.

You collected 367 gold pieces.
You spent 96 gold pieces at shops.

Inventory:

Hand Weapons
 a - a +0 war axe of flaming
 u - a +2 hand axe of freezing (melded)
 F - a +0 hand axe of flaming
Missiles
 h - 3 boomerangs (quivered)
 m - 14 poisoned darts
 z - a silver boomerang
 G - 3 curare-tipped darts
Armour
 b - a +0 scale mail
 c - a +0 buckler (melded)
 r - a +2 cloak (melded)
 s - a +0 chain mail
 A - +0 ice dragon scales (melded)
 I - a +0 plate armour
Jewellery
 g - a +6 ring of dexterity (melded)
 l - a ring of fire
 K - a ring of resist corrosion (melded)
Wands
 t - a wand of roots (5)
 y - a wand of flame (5)
 C - a wand of digging (7)
Scrolls
 e - a scroll of enchant weapon
 k - 3 scrolls of teleportation
 n - 2 scrolls of magic mapping
 B - a scroll of amnesia
 E - a scroll of immolation
Potions
 d - a potion of might
 f - 2 potions of flight
 i - 2 potions of mutation
 j - 2 potions of brilliance
 p - a potion of attraction
 q - 3 potions of lignification
 v - a potion of magic {unknown}
 w - a potion of degeneration {unknown}
 D - 4 potions of curing {unknown}
 H - a potion of cancellation {unknown}


   Skills:
 + Level 7.5 Fighting
 * Level 9.7 Axes
 + Level 5.2 Throwing
 + Level 7.5 Armour
 + Level 7.4 Shields


You had 8 spell levels left.
You didn't know any spells.
Your spell library contained the following spells:

 Spells                   Type           Power      Damage    Failure   Level
 Blink                    Tloc           0%         N/A       63%         2
 Lesser Beckoning         Tloc           0%         N/A       63%         2
 Momentum Strike          Conj/Tloc      0%         3d8       63%         2
 Dazzling Flash           Conj/Hex       0%         N/A       85%         3
 Tukima's Dance           Hex            0%         N/A       85%         3
 Passage of Golubria      Tloc           0%         N/A       99%         4
 Agony                    Necr           0%         N/A       100%        5
 Silence                  Hex/Air        0%         N/A       100%        5
 Yara's Violent Unravell  Hex/Tmut       0%         3d3       100%        5


Dungeon Overview and Level Annotations

Branches:
Dungeon (8/15)             Temple (1/1) D:6
   Lair: D:8-11

Altars:
Ashenzari
Dithmenos
Fedhas
Gozag
Hepliaklqana
Kikubaaqudgha
Nemelex Xobeh
Qazlal
Ru
Trog
Uskayaw
Vehumet
Wu Jian
Xom
Yredelemnul
Zin
The Shining One

Shops:
D:2 (   D:7 (

Annotations:
D:5 3 runed translucent doors, SpyderV's ghost, novice FoFi
D:8 Maurice


Innate Abilities, Weirdness & Mutations

You are an insubstantial wisp.
Your tiny insubstantial body is highly resistant to most damage types.
You are flying.
Your equipment is entirely melded.
You are incapable of wielding weapons or throwing items.
You cannot cast spells.
((You have a pair of horns on your head.))
((You reflexively headbutt those who attack you in melee.))


Message History

You slash the orc priest! You freeze the orc priest.
Maurice zaps a wand.
You turn into an insubstantial wisp.
Your +2 hand axe of freezing melds into your body.
Your +2 cloak melds into your body.
Your +0 buckler melds into your body.
Your +0 ice dragon scales melds into your body.
Your +6 ring of dexterity melds into your body.
Your ring of resist corrosion melds into your body.
Your +2 hand axe of freezing stops glowing.
You feel clumsy. The orc priest barely misses you.
You touch Maurice but do no damage.
Maurice is moderately wounded.
The orc priest barely misses you.
Maurice hits you with a +4 dagger of electrocution.
* * * LOW HITPOINT WARNING * * *
Maurice steals 1 of your 2 potions of attraction!
The orc priest calls down the wrath of Beogh upon you.
Beogh smites you!
* * * LOW HITPOINT WARNING * * *
You touch Maurice!
Maurice is heavily wounded.
Your butterfly disappears in a burst of colours! x2
Maurice hits you with a +4 dagger of electrocution.
* * * LOW HITPOINT WARNING * * *
Maurice steals your ring of ice!
Maurice puts on a ring of ice.
The orc priest barely misses your butterfly.
The orc priest hits your butterfly with a +1 heavy hand axe!
Your butterfly dies!
Your butterfly disappears in a burst of colours!
The orc priest hits your butterfly but does no damage.
The orc priest hits your butterfly with a +1 heavy hand axe.
Your butterfly dies!
Your butterfly disappears in a burst of colours!
The orc priest misses your butterfly.
The orc priest hits your butterfly with a +1 heavy hand axe.
Your butterfly dies!
Your butterfly disappears in a burst of colours!
The orc priest invokes the aid of Beogh against you.
Beogh smites you!
You die...

.....##......b.........,********,
####.##.......b.........* **,
.....##.......bb..b.....* *,,
...####...bbb.b..bb....#* *,,
...# #.......bbb..b...# *,, ...#
####...bbb)ob....#* *<, ####
#####.bbb.......* *,, #### #<#
#.bbo.bb....*******,, ...# #.#
#...v@..###,**,,,,,,,
##.######'###........#*,**,,,,,,,
.............##...#..#*,**,,,,,,,
##.####......##...+...#,**,,,,,,,
##.####......##...#*#...,*,,,,,,,
...##.'......##...# *##.,,,,,,,,,
#####.#......##...# *,,,,,,,,,,
......#......++...# ****,,,,,,,
####..#......#*,,,* *,,,,,,,


You could see Maurice (swift) and 2 orc priests.

Vanquished Creatures
  A wyvern (D:7)
  Grum (D:8)
  A steam dragon (D:6)
  A water moccasin (D:7)
  An orc warrior (D:7)
  5 ice beasts
  A black bear (D:7)
  3 sky beasts
  2 ogres
  4 wolves (D:8)
  A phantom (D:6)
  A kobold brigand (D:6)
  A bullfrog (D:6)
  A scorpion (D:4)
  A howler monkey (D:6)
  A quasit (D:5)
  Crazy Yiuf (D:2)
  3 hounds
  An orc priest (D:7)
  6 iguanas
  Jessica (D:3)
  2 gnoll boudas (D:7)
  3 orc wizards
  13 gnolls
  11 adders
  4 shadow imps
  3 white imps
  2 ufetubi
  4 worms
  A dart slug (D:3)
  20 orcs
  12 ball pythons
  8 endoplasms
  4 giant cockroaches
  3 goblins
  6 hobgoblins
  4 jackals (D:1)
  4 quokkas
  5 bats
  5 frilled lizards
  9 kobolds
  3 rats
164 creatures vanquished.

Vanquished Creatures (others)
  A demonic plant (D:5)
1 creature vanquished.

Grand Total: 165 creatures vanquished

Notes
Turn   | Place    | Note
-------+----------+-------------------------------------------
     0 | D:1      | bmack86 the Minotaur Fighter began the quest for the Orb.
     0 | D:1      | Reached XP level 1. HP: 19/19 MP: 0/0
    55 | D:1      | Found a faded altar of an unknown god.
   106 | D:1      | Reached XP level 2. HP: 25/27 MP: 1/1
   307 | D:1      | Reached skill level 3 in Axes
   502 | D:1      | Reached XP level 3. HP: 33/33 MP: 2/2
  1075 | D:2      | Found Ruukh's Weapon Emporium.
  1081 | D:2      | Reached skill level 1 in Throwing
  1116 | D:2      | Found a runed translucent door.
  1117 | D:2      | Noticed Crazy Yiuf
  1887 | D:2      | Killed Crazy Yiuf
  1888 | D:2      | Reached XP level 4. HP: 20/40 MP: 3/3
  2096 | D:3      | Reached skill level 4 in Axes
  2330 | D:3      | Noticed Jessica
  2335 | D:3      | Killed Jessica
  2336 | D:3      | Reached XP level 5. HP: 23/47 MP: 4/4
  3056 | D:4      | HP: 1/47 [iguana (10)]
  3064 | D:4      | Reached XP level 6. HP: 25/53 MP: 5/5
  3188 | D:4      | Reached skill level 5 in Axes
  3247 | D:4      | Found a sacrificial altar of Ru.
  3253 | D:4      | Reached skill level 5 in Armour
  3657 | D:4      | Reached skill level 5 in Fighting
  3657 | D:4      | Reached skill level 5 in Shields
  3657 | D:4      | Reached XP level 7. HP: 54/61 MP: 6/6
  3777 | D:5      | Entered Level 5 of the Dungeon
  3810 | D:5      | Found a runed translucent gate.
  3810 | D:5      | Found a runed translucent gate.
  3810 | D:5      | Found an opulent altar of Gozag.
  3810 | D:5      | Found a runed translucent gate.
  3811 | D:5      | Noticed a wraith
  3812 | D:5      | Noticed SpyderV's ghost (novice FoFi)
  3813 | D:5      | Noticed a yak
  4056 | D:5      | Reached skill level 6 in Axes
  4155 | D:5      | Found an ornate altar of the Wu Jian Council.
  4530 | D:6      | Found a staircase to the Ecumenical Temple.
  4544 | Temple   | Entered the Ecumenical Temple
  4692 | D:6      | Found a shimmering altar of Xom.
  4768 | D:6      | Noticed a steam dragon
  4778 | D:6      | Killed a steam dragon
  4779 | D:6      | Reached skill level 7 in Axes
  4779 | D:6      | Reached XP level 8. HP: 38/70 MP: 7/7
  4914 | D:6      | Found a broken altar of Ashenzari.
  5392 | D:6      | Reached skill level 8 in Axes
  5770 | D:7      | Found Loczerar's Weapon Shop.
  5797 | D:7      | Bought a +0 hand axe of flaming for 96 gold pieces
  5922 | D:7      | Reached XP level 9. HP: 59/78 MP: 8/8
  6105 | D:7      | Reached skill level 9 in Axes
  6116 | D:7      | HP: 3/79 [orc warrior/+0 battleaxe (12)]
  6423 | D:7      | Reached skill level 5 in Throwing
  7045 | D:8      | Noticed Grum
  7067 | D:8      | Killed Grum
  7099 | D:8      | Noticed Maurice
  7110 | D:8      | Killed from afar by an orc priest

Illustrated notes

Levels and vault maps discovered:
D:1:      minmay_arrival_floating_metal, layout_loops_ring,
          chequers_ecumenical_altar_island, minmay_cupped
D:2:      layout_basic, serial_shops, shop, hangedman_decor_diamond_cutter,
          uniq_crazy_yiuf_cottage
D:3:      layout_loops_ring, kennysheep_boxes, uniq_jessica
D:4:      layout_basic, nicolae_ru_sacrificial_ziggurat
D:5:      layout_gridville, nicolae_wu_jian_wuxing_cycle, serial_demonic,
          serial_demonic_e, serial_demonic_g, serial_demonic_e,
          serial_demonic_d, ebering_ghost_gozag
D:6:      layout_loops_corners, marbit_many_paths,
          mainiacjoe_overflow_small_starburst, minmay_temple_entry_junction
D:7:      layout_loops_ring, serial_shops, shop_statue
D:8:      layout_basic, elyvilon_altar_4, kennysheep_orc_sif_temple,
          nicolae_overflow_hidden_temple, chequers_hall_statues_corner_a,
          uniq_grum, uniq_prince_ribbit1, uniq_maurice, uniq_pikel
Temple:   dshaligram_water_room_temple

Skill      XL: |  1  2  3  4  5  6  7  8  9 |
---------------+----------------------------+-----
Axes           | 3 4 5 7 8 9 |  9.7
Armour         | 4 5 6 7 |  7.5
Fighting       | 4 5 6 7 |  7.5
Throwing       | 1 2 3 4 5 |  5.2
Shields        | 4 5 6 7 |  7.4

Action                     |  1- 3 |  4- 6 |  7- 9 || total
---------------------------+-------+-------+-------++-------
  Melee: War axe           |    83 |    49 |       ||   132
         Headbutt          |     7 |    12 |    52 ||    71
         Hand axe          |       |    58 |   235 ||   293
         Unarmed           |       |       |     2 ||     2
  Throw: Boomerang         |       |     7 |       ||     7
  Evoke: Wand              |       |       |     1 ||     1
    Use: Scroll            |     5 |     7 |    10 ||    22
         Potion            |       |     1 |       ||     1
 Armour: Scale mail        |    27 |    49 |    12 ||    88
         Ice dragon scales |       |       |   106 ||   106
         Chain mail        |       |       |    10 ||    10
  Dodge: Dodged            |    46 |    54 |    90 ||   190
  Block: Buckler           |    17 |    24 |    75 ||   116

Table legend: (Time is in decaauts)
 A = Elapsed time spent in this place.
 B = Non-inter-level travel time spent in this place.
 C = Inter-level travel time spent in this place.
 D = Time resting spent in this place.
 E = Time spent auto-exploring this place.
 F = Levels seen in this place.
 G = Mean time per level.
                   A        B        C        D        E       F      G
               +--------+--------+--------+--------+--------+-----+--------+
         Total |   7188 |   6966 |    222 |    424 |   4735 |   9 |  798.7 |
       Dungeon |   7060 |   6858 |    202 |    424 |   4638 |   8 |  882.5 |
        Temple |    127 |    107 |     20 |      0 |     97 |   1 |  127.0 |
               +--------+--------+--------+--------+--------+-----+--------+

Top non-repeatable levels by time:
     D:7: 1238 daAuts
     D:6: 1142 daAuts
     D:2: 1077 daAuts
     D:3: 1006 daAuts
     D:1: 983 daAuts
     D:4: 804 daAuts
     D:5: 688 daAuts
  Temple: 127 daAuts
     D:8: 119 daAuts
